 Dungeon Crawl Stone Soup version 0.31.0-1-g2c135a008e (webtiles) character file.

Game seed: 2688100569744530088

3314 qw the Skirmisher (level 10, -4/73 HPs)
             Began as a Djinni Hunter on Jan 24, 2024.
             Slain by a two-headed ogre
             ... wielding a +0 giant club
              (18 damage)
             ... on level 8 of the Dungeon.
             The game lasted 00:00:36 (6975 turns).

qw the Skirmisher (Djinni Hunter)                   Turns: 6975, Time: 00:00:37

Health: -4/73      AC: 15    Str: 10    XL:     10   Next: 21%
Gold:   534        EV: 15    Int: 11    God:
                   SH:  0    Dex: 27

rFire   + + .        n - +1 longbow
rCold   x . .        (shield currently unavailable)
rNeg    . . .        b - +0 ring mail
rPois   inf          f - +2 helmet
rElec   .            (no cloak)
rCorr   .            o - +1 pair of gloves
SInv    .            (boots unavailable)
Will    +....        (no amulet)
Stlth   ++           i - +6 ring of dexterity
HPRegen 0.32/turn    h - +4 ring of protection
MPRegen 0.00/turn

%: infuse magic (-5 HP)
@: about to teleport, flying
A: sickness immunity, fire resistance 2, cold vulnerability 1, float, innate
caster, HP casting, extra vitality 1
a: no special abilities


You were on level 8 of the Dungeon.
You visited 2 branches of the dungeon, and saw 9 of its levels.
You also visited: Ossuary.

You collected 534 gold pieces.


Innate Abilities, Weirdness & Mutations

You are immune to sickness and miasma.
You are immune to poison.
Your flesh is very heat resistant. (rF++)
You are vulnerable to cold. (rC-)
You float through the air rather than walking.
You learn spells naturally, not from books.
Your magical power is your life essence.
You have superior vitality. (+4 MHP)


   Skills:
 + Level 6.9 Fighting
 - Level 9.0 Ranged Weapons
 - Level 3.2 Armour
 - Level 7.0 Dodging
 - Level 0.7 Stealth


You knew the following spells:

 Your Spells              Type           Power      Damage    Failure   Level
a - Necrotise             Necr           0%         1d4       65%         1
b - Blink                 Tloc           0%         N/A       78%         2
c - Gell's Gravitas       Tloc           0%         N/A       95%         3
d - Fugue of the Fallen   Necr           0%         N/A       95%         3
Your spell library was empty.

Inventory:

Hand Weapons
 n - a +1 longbow (weapon)
Armour
 b - a +0 ring mail (worn)
 c - a +0 ring mail of poison resistance
 f - a +2 helmet (worn)
 o - a +1 pair of gloves (worn)
Jewellery
 a - the ring of Cuciwax {rF+ rN+ EV+5}
   (You found it on level 8 of the Dungeon)

   [ring of evasion]

   EV+5:      It affects your evasion (+5).
   rF+:       It protects you from fire.
   rN+:       It protects you from negative energy.
 h - a +4 ring of protection (right hand)
 i - a +6 ring of dexterity (left hand)
 Y - a ring of protection from fire
Wands
 l - a wand of roots (5)
Scrolls
 e - a scroll of teleportation
Potions
 d - a potion of might
 g - 4 potions of curing
 k - a potion of haste
 m - a potion of cancellation
 q - a potion of enlightenment {unknown}

Dungeon Overview and Level Annotations

Branches:
Dungeon (8/15)             Temple (1/1) D:6         Ossuary (visited)
   Lair: D:8-11

Altars:
Ashenzari
Cheibriados
Dithmenos
Elyvilon
Gozag
Hepliaklqana
Makhleb
Nemelex Xobeh
Qazlal
Ru
Uskayaw
Wu Jian
Xom
Zin
The Shining One

Shops:
D:2 =   D:3 =

Portals:
Bailey: D:8

Annotations:
D:5 2 transporters, qw's ghost, novice GrHu


Message History

You shoot an arrow. The arrow hits the two-headed ogre!!
The two-headed ogre shouts in stereo!
The two-headed ogre is moderately wounded.
You shoot an arrow.
The arrow hits the two-headed ogre but does no damage.
The two-headed ogre is moderately wounded.
You shoot an arrow. The arrow hits the two-headed ogre.
The two-headed ogre is moderately wounded.
You shoot an arrow. The arrow hits the two-headed ogre.
The two-headed ogre is heavily wounded.
You shoot an arrow. The arrow hits the two-headed ogre!
The two-headed ogre is heavily wounded.
The two-headed ogre hits you with a +0 giant club!
The two-headed ogre misses you.
You shoot an arrow.
The arrow completely misses the two-headed ogre.
You shoot an arrow.
The arrow completely misses the two-headed ogre.
The two-headed ogre hits you but does no damage.
The two-headed ogre closely misses you.
You shoot an arrow.
The arrow barely misses the two-headed ogre.
The kobold barely misses you.
The two-headed ogre hits you with a +0 giant club!!
The two-headed ogre misses you. The kobold hits you but does no damage.
You shoot an arrow.
The arrow barely misses the two-headed ogre.
The two-headed ogre barely misses you. The two-headed ogre misses you.
The kobold barely misses you.
You shoot an arrow. The arrow hits the two-headed ogre!
The two-headed ogre is severely wounded.
The kobold hits you but does no damage.
The two-headed ogre completely misses you.
The two-headed ogre hits you with a +0 giant spiked club!
6975 ||| READING 2 scrolls of teleportation.
As you read the scroll of teleportation, it crumbles to dust.
You feel strangely unstable. The kobold barely misses you.
The two-headed ogre hits you with a +0 giant club!!
You die...

.. #######.## ..
#......... ...
#.......#
##.##########.......#
...........##..~....#
####.#####..#.......#
#
####..#####.........#
#
...............######
# ...~~~~~........@O#
#
.#.~...~.......##K..#
# ..)~>\.~.......#
##..# #
...~...~.####### ..#
# .).~~~~~.# ... #
.........# .. #
.....##### . # .....#
# .....#


You could see a two-headed ogre and a kobold.

Vanquished Creatures
  2 steam dragons
  2 water moccasins
  2 orc warriors
  A sky beast (D:7)
  2 ogres
  A black bear (D:8)
  3 centaurs
  A weeping skull (Ossuary)
  2 scorpions (D:5)
  A bullfrog (D:8)
  3 gnoll sergeants (D:8)
  5 water moccasin zombies (Ossuary)
  A burial acolyte (D:7)
  3 wights (D:7)
  A howler monkey (D:5)
  2 bombardier beetles
  3 orc priests
  6 hounds
  4 sleepcaps
  A spectral scorpion (Ossuary)
  An iguana (D:6)
  4 orc wizards
  4 scorpion zombies (D:7)
  2 crocodile zombies (Ossuary)
  2 killer bee zombies (D:7)
  2 mummies (Ossuary)
  Robin (D:3)
  2 howler monkey skeletons (D:7)
  16 gnolls
  4 adders
  A shadow imp (D:8)
  2 adder zombies (Ossuary)
  2 dart slugs
  16 orcs
  4 ball pythons
  A bat (D:2)
  4 endoplasms
  A giant cockroach (D:3)
  18 goblins
  8 hobgoblins
  6 quokkas
  A frilled lizard (D:3)
  9 gnoll zombies (Ossuary)
  4 jackal zombies
  10 kobolds
  3 orc zombies (Ossuary)
  7 rats
181 creatures vanquished.

Vanquished Creatures (others)
  2 goblins (D:8)
2 creatures vanquished.

Grand Total: 183 creatures vanquished

Notes
Turn   | Place    | Note
-------+----------+-------------------------------------------
     0 | D:1      | qw the Djinni Hunter began the quest for the Orb.
     0 | D:1      | Reached XP level 1. HP: 18/18 MP: 0/0
     0 | D:1      | 0 ||| qw: Version: 0.3-a-136-gdd3b4e8
     0 | D:1      | 0 ||| qw: Game counter: 1410
     0 | D:1      | 0 ||| qw: Melee chars always use a shield: true
     0 | D:1      | 0 ||| qw: God list: Okawaru
     0 | D:1      | 0 ||| qw: Allow faded altars: false
     0 | D:1      | 0 ||| qw: Do Orc after clearing Dungeon:15 true
     0 | D:1      | 0 ||| qw: Do second Lair branch before Depths: true
     0 | D:1      | 0 ||| qw: Lair rune preference: random
     0 | D:1      | 0 ||| qw: Goals: Normal
     0 | D:1      | 0 ||| PLANNING D:1-11
    24 | D:1      | Reached XP level 2. HP: 23/23 MP: 0/0
   629 | D:1      | 629 ||| DROPPING ring of wizardry.
   630 | D:1      | 630 ||| UPGRADING to +6 ring of dexterity.
   631 | D:1      | 631 ||| READING 2 scrolls labelled VANASM CUYCK.
   631 | D:1      | 631 ||| IDENTIFYING white potion
   632 | D:1      | 632 ||| READING scroll of identify.
   632 | D:1      | 632 ||| IDENTIFYING amethyst potion
   633 | D:1      | 633 ||| READING scroll labelled PEUMNA BOTE.
   638 | D:1      | 638 ||| READING scroll labelled SIAXTY ZUFARR.
   681 | D:1      | 681 ||| READING scroll labelled HYOXTU WEYRIMPE.
   782 | D:1      | 782 ||| DROPPING scroll of butterflies.
   783 | D:1      | 783 ||| DROPPING potion of degeneration.
   796 | D:2      | Found Dyn Irch's Jewellery Shop.
   805 | D:2      | 805 ||| SHOPLISTING amulet of faith (560 gold, have 38).
   805 | D:2      | 805 ||| SHOPLISTING amulet of regeneration (420 gold, have
                  | 38).
   805 | D:2      | 805 ||| SHOPLISTING ring "Cidoasas" {+Blink SInv} (406
                  | gold, have 38).
   805 | D:2      | 805 ||| SHOPLISTING ring of positive energy (280 gold, have
                  | 38).
   805 | D:2      | 805 ||| SHOPLISTING ring of protection from cold (350 gold,
                  | have 38).
   805 | D:2      | 805 ||| SHOPLISTING ring of protection from fire (350 gold,
                  | have 38).
   826 | D:2      | Reached XP level 3. HP: 26/28 MP: 0/0
   826 | D:2      | Learned a level 1 spell: Necrotise
   874 | D:2      | Reached skill level 3 in Dodging
  1566 | D:2      | 1566 ||| READING scroll of identify.
  1566 | D:2      | 1566 ||| IDENTIFYING 2 yellow potions
  1567 | D:2      | 1567 ||| READING scroll labelled FYID PAJIFAQ.
  1567 | D:2      | 1567 ||| ENCHANTING +0 shortbow.
  1568 | D:2      | 1568 ||| DROPPING 2 potions of attraction.
  1649 | D:3      | Reached skill level 4 in Ranged Weapons
  1744 | D:3      | Found Rijumud's Jewellery Emporium.
  1753 | D:3      | 1753 ||| SHOPLISTING +6 ring of dexterity (396 gold, have
                  | 86).
  1753 | D:3      | 1753 ||| SHOPLISTING +6 ring of strength (396 gold, have
                  | 86).
  1753 | D:3      | 1753 ||| SHOPLISTING amulet of Elemental Vulnerability
                  | {rPois rF-- rC-- AC+8} (421 gold, have 86).
  1753 | D:3      | 1753 ||| SHOPLISTING amulet of reflection (330 gold, have
                  | 86).
  1753 | D:3      | 1753 ||| SHOPLISTING ring of Tivaoke {rPois Int+6} (519
                  | gold, have 86).
  1753 | D:3      | 1753 ||| SHOPLISTING ring of positive energy (220 gold,
                  | have 86).
  1946 | D:3      | Noticed Robin
  1948 | D:3      | 1948 ||| RETREEEEATING.
  1951 | D:3      | 1951 ||| RETREEEEATING.
  1953 | D:3      | Reached XP level 4. HP: 28/33 MP: 0/0
  1965 | D:3      | HP: 8/34 [Robin/+0 club (4)]
  1966 | D:3      | 1966 ||| READING 2 scrolls of teleportation.
  2288 | D:3      | Killed Robin
  2469 | D:3      | Reached skill level 3 in Fighting
  2563 | D:3      | 2563 ||| UPGRADING to +0 ring mail.
  2573 | D:3      | 2573 ||| DROPPING +0 leather armour.
  2574 | D:3      | 2574 ||| UPGRADING to +0 helmet.
  2579 | D:3      | 2579 ||| READING scroll labelled BAEHOHEACO.
  2579 | D:3      | 2579 ||| ENCHANTING +0 helmet.
  2580 | D:3      | 2580 ||| READING scroll labelled MEGOQU PARCH.
  2682 | D:4      | Reached skill level 1 in Armour
  2682 | D:4      | Reached XP level 5. HP: 37/40 MP: 0/0
  2682 | D:4      | Learned a level 2 spell: Blink
  2771 | D:4      | Noticed an ogre
  2777 | D:4      | Killed an ogre
  2778 | D:4      | Reached XP level 6. HP: 14/46 MP: 0/0
  3034 | D:4      | 3034 ||| READING scroll of enchant weapon.
  3034 | D:4      | 3034 ||| ENCHANTING +1 shortbow.
  3053 | D:4      | Reached skill level 5 in Ranged Weapons
  3139 | D:4      | Found a hide-covered altar of Uskayaw.
  3143 | D:4      | Found a broken altar of Ashenzari.
  3144 | D:4      | Found a hazy altar of Hepliaklqana.
  3144 | D:4      | Found a shadowy altar of Dithmenos.
  3144 | D:4      | Found a shimmering altar of Xom.
  3156 | D:4      | 3156 ||| READING scroll of enchant weapon.
  3156 | D:4      | 3156 ||| ENCHANTING +2 shortbow.
  3226 | D:4      | 3226 ||| READING scroll of enchant armour.
  3226 | D:4      | 3226 ||| ENCHANTING +1 helmet.
  3297 | D:4      | You are sucked into a shaft and drop 1 floor!
  3297 | D:5      | Entered Level 5 of the Dungeon
  3358 | D:5      | Found a transporter.
  3358 | D:5      | Noticed qw's ghost (novice GrHu)
  3389 | D:5      | Found a transporter.
  3416 | D:5      | Found a burning altar of Makhleb.
  3420 | D:5      | 3420 ||| UPGRADING to ring of protection from fire.
  3421 | D:5      | 3421 ||| UPGRADING to +4 ring of protection.
  3423 | D:5      | 3423 ||| READING scroll labelled BOQEHE LAOTWA.
  3424 | D:5      | 3424 ||| READING scroll labelled KEAVOA UROMP.
  3628 | D:5      | Reached XP level 7. HP: 52/52 MP: 0/0
  3628 | D:5      | Learned a level 3 spell: Gell's Gravitas
  3991 | D:5      | Found a white marble altar of Elyvilon.
  4121 | D:5      | 4121 ||| READING 2 scrolls of identify.
  4121 | D:5      | 4121 ||| IDENTIFYING silvery potion
  4122 | D:5      | 4122 ||| READING scroll of identify.
  4122 | D:5      | 4122 ||| IDENTIFYING fizzy orange potion
  4123 | D:5      | 4123 ||| READING 2 scrolls labelled RIUHAJ KEMO.
  4124 | D:5      | 4124 ||| READING scroll labelled MIUDITS SUOMN.
  4125 | D:5      | 4125 ||| READING scroll labelled MAUCIWO SITZUFUBEA.
  4226 | D:5      | 4226 ||| DROPPING scroll of summoning.
  4286 | D:6      | Found a staircase to the Ecumenical Temple.
  4287 | D:6      | 4287 ||| PLANNING TEMPLE
  4322 | Temple   | Entered the Ecumenical Temple
  4323 | Temple   | 4323 ||| PLANNING D:1-11
  4339 | D:6      | Noticed a steam dragon
  4340 | D:6      | Noticed a water moccasin
  4346 | D:6      | Killed a steam dragon
  4347 | D:6      | Reached skill level 6 in Ranged Weapons
  4351 | D:6      | Killed a water moccasin
  4352 | D:6      | Reached XP level 8. HP: 53/58 MP: 0/0
  4508 | D:6      | 4508 ||| SWAPPING to +0 orcbow.
  4509 | D:6      | 4509 ||| DROPPING +3 shortbow.
  4767 | D:6      | 4767 ||| SWAPPING to +0 longbow.
  4768 | D:6      | 4768 ||| DROPPING +0 orcbow.
  4907 | D:6      | Reached skill level 7 in Ranged Weapons
  4948 | D:6      | Found a glowing silver altar of Zin.
  4959 | D:6      | 4959 ||| DROPPING ring of willpower.
  4960 | D:6      | 4960 ||| READING scroll of identify.
  4960 | D:6      | 4960 ||| IDENTIFYING green potion
  4961 | D:6      | 4961 ||| DROPPING potion of lignification.
  5224 | D:6      | 5224 ||| READING scroll labelled JAEVOR XUELI.
  5267 | D:7      | 5267 ||| PLANNING OSSUARY
  5449 | D:7      | 5449 ||| RETREEEEATING.
  5451 | D:7      | 5451 ||| RETREEEEATING.
  5452 | D:7      | 5452 ||| RETREEEEATING.
  5458 | D:7      | Reached XP level 9. HP: 58/65 MP: 0/0
  5458 | D:7      | Learned a level 3 spell: Fugue of the Fallen
  5676 | D:7      | Reached skill level 8 in Ranged Weapons
  5804 | D:7      | Reached skill level 6 in Dodging
  5811 | D:7      | Found a sand-covered staircase.
  5812 | D:7      | 5812 ||| UPGRADING to +0 pair of gloves.
  5817 | D:7      | 5817 ||| READING scroll of enchant armour.
  5817 | D:7      | 5817 ||| ENCHANTING +0 pair of gloves.
  5818 | D:7      | 5818 ||| READING scroll of identify.
  5818 | D:7      | 5818 ||| IDENTIFYING sedimented white potion
  5819 | D:7      | 5819 ||| DROPPING potion of invisibility.
  5826 | Ossuary  | Entered an ossuary
  5913 | Ossuary  | Reached skill level 6 in Fighting
  6014 | Ossuary  | 6014 ||| READING 3 scrolls of identify.
  6014 | Ossuary  | 6014 ||| IDENTIFYING blue potion
  6015 | Ossuary  | 6015 ||| READING 2 scrolls of identify.
  6015 | Ossuary  | 6015 ||| IDENTIFYING metallic golden potion
  6016 | Ossuary  | 6016 ||| READING scroll of identify.
  6016 | Ossuary  | 6016 ||| IDENTIFYING black potion
  6017 | Ossuary  | 6017 ||| READING scroll labelled VEEH UTEBRIUJ.
  6018 | Ossuary  | 6018 ||| DROPPING potion of magic.
  6025 | D:7      | 6025 ||| PLANNING D:1-11
  6154 | D:7      | 6154 ||| READING scroll of enchant weapon.
  6154 | D:7      | 6154 ||| ENCHANTING +0 longbow.
  6456 | D:8      | Reached skill level 9 in Ranged Weapons
  6460 | D:8      | Reached skill level 3 in Armour
  6460 | D:8      | Reached XP level 10. HP: 42/72 MP: 0/0
  6672 | D:8      | Identified the ring of Cuciwax {rF+ rN+ EV+5}
  6687 | D:8      | 6687 ||| RETREEEEATING.
  6688 | D:8      | 6688 ||| RETREEEEATING.
  6689 | D:8      | 6689 ||| RETREEEEATING.
  6701 | D:8      | 6701 ||| RETREEEEATING.
  6702 | D:8      | 6702 ||| RETREEEEATING.
  6703 | D:8      | 6703 ||| RETREEEEATING.
  6704 | D:8      | 6704 ||| RETREEEEATING.
  6705 | D:8      | 6705 ||| RETREEEEATING.
  6706 | D:8      | 6706 ||| RETREEEEATING.
  6707 | D:8      | 6707 ||| RETREEEEATING.
  6708 | D:8      | 6708 ||| RETREEEEATING.
  6709 | D:8      | 6709 ||| RETREEEEATING.
  6710 | D:8      | 6710 ||| RETREEEEATING.
  6711 | D:8      | 6711 ||| RETREEEEATING.
  6714 | D:8      | HP: 16/72 [gnoll/+0 spear (3)]
  6715 | D:8      | 6715 ||| READING 3 scrolls of teleportation.
  6716 | D:8      | 6716 ||| DRINKING potion of heal wounds.
  6717 | D:8      | 6717 ||| RETREEEEATING.
  6718 | D:8      | 6718 ||| RETREEEEATING.
  6821 | D:8      | 6821 ||| RETREEEEATING.
  6940 | D:8      | Found a flagged portal.
  6964 | D:8      | Noticed a two-headed ogre
  6974 | D:8      | HP: 13/73 [two-headed ogre/+0 giant club (16)]
  6975 | D:8      | 6975 ||| READING 2 scrolls of teleportation.
  6975 | D:8      | Slain by a two-headed ogre

Levels and vault maps discovered:
D:1:      minmay_arrival_three_doors, layout_loops_ring
D:2:      layout_basic, serial_shops,
          nicolae_shop_temple_entry_statues_fountains
D:3:      layout_basic, serial_shops, shop, minivault_23, uniq_robin
D:4:      layout_basic, grunt_temple_overflow_open
D:5:      layout_loops_ring, mainiacjoe_overflow_boulevard, elyvilon_altar_5,
          gammafunk_ghost_mausoleum
D:6:      layout_basic, amcnicky_altar_gilded, minmay_temple_entry_water_ring
D:7:      layout_basic, lemuel_zombie_altar_kikubaaqudgha,
          mainiacjoe_ossuary_entry_find_the_door
D:8:      kennysheep_housing_project, layout_basic, enter_bailey_5
Temple:   nicolae_temple_colour_theory

Skill      XL: |  1  2  3  4  5  6  7  8  9 10 |
---------------+-------------------------------+-----
Dodging        | 3 4 5 6 7 |  7.0
Ranged Weapons | 4 5 6 7 9 |  9.0
Fighting       | 3 4 5 6 |  6.9
Armour         | 1 2 3 |  3.2
Stealth        | |  0.7

Action                     |  1- 3 |  4- 6 |  7- 9 | 10-12 || total
---------------------------+-------+-------+-------+-------++-------
   Fire: Shortbow          |    85 |    97 |    80 |       ||   262
         Longbow           |       |       |   236 |    88 ||   324
         Orcbow            |       |       |    27 |       ||    27
    Use: Scroll            |     7 |     8 |    14 |     2 ||    31
         Potion            |       |       |       |     1 ||     1
 Armour: Leather armour    |    19 |    21 |       |       ||    40
         Ring mail         |       |    11 |   165 |    99 ||   275
  Dodge: Dodged            |    10 |    29 |   173 |   115 ||   327

Table legend:
 A = Non-vault XP
 B = Vault XP
 C = Vault XP percentage of total XP
 D = Non-vault monster count
 E = Vault monster count
 F = Vault count percentage of total count
                 A         B        C        D         E       F
            +---------+---------+-------+---------+---------+-------
      Total |    3178 |    1557 |  32.9 |     108 |      74 |  40.7
            +---------+---------+-------+---------+---------+-------
        D:1 |      18 |       0 |   0.0 |      10 |       0 |   0.0
        D:2 |      37 |       0 |   0.0 |      15 |       0 |   0.0
        D:3 |      16 |      38 |  70.4 |      11 |      12 |  52.2
        D:4 |     240 |       0 |   0.0 |      13 |       0 |   0.0
        D:5 |     418 |       0 |   0.0 |      11 |       0 |   0.0
        D:6 |     765 |       0 |   0.0 |      14 |       0 |   0.0
        D:7 |    1122 |     304 |  21.3 |      24 |      12 |  33.3
        D:8 |     562 |     563 |  50.0 |      10 |      24 |  70.6
    Ossuary |       0 |     652 | 100.0 |       0 |      26 | 100.0
            +---------+---------+-------+---------+---------+-------
